| TOP OF THE 1ST |
|
Detroit Tigers batting - Pitching for Kansas City Royals : RHP Larry Christenson
|
|
Pitching: RHP Larry Christenson
|
|
|
Batting: SHB Lee Mazzilli
|
0-0: Ball 1-0: Called Strike 1-1: Bunted foul 1-2: Ball 2-2: Strikes out looking
|
|
Batting: RHB Rusty Tillman
|
0-0: Called Strike 0-1: Ball 1-1: Ball 2-1: SINGLE (Line Drive, 5D, EV 97.5 MPH)
|
|
Batting: SHB Tony Phillips
|
0-0: Ball 1-0: Called Strike 1-1: Called Strike Rusty Tillman steals 2nd base 1-2: Strikes out looking
|
|
Batting: LHB Greg Brock
|
0-0: Called Strike 0-1: Fly out, F7 (Flyball, 78D, EV 97.5 MPH)
|
| Top of the 1st over - 0 runs, 1 hit, 0 errors, 1 left on base; Detroit 0 - Kansas City 0 |
| BOTTOM OF THE 1ST |
|
Kansas City Royals batting - Pitching for Detroit Tigers : LHP Dave McNally
|
|
Pitching: LHP Dave McNally
|
|
|
Batting: RHB Rickey Henderson
|
0-0: Ball 1-0: Called Strike 1-1: Ball 2-1: Ball 3-1: Swinging Strike 3-2: Base on Balls
|
|
Batting: LHB Gene Richards
|
0-0: Ball 1-0: Fielders Choice at 2nd, 6-4 (Groundball, 6M, EV 108.1 MPH)
|
|
Batting: RHB Jeffrey Leonard
|
0-0: Ball 1-0: Called Strike 1-1: Ball 2-1: Swinging Strike 2-2: Ball 3-2: Foul Ball, location: 2F 3-2: Strikes out looking
|
|
Batting: RHB Charlie O'Brien
|
0-0: Ball 1-0: Ball 2-0: Ball 3-0: Base on Balls Gene Richards to second
|
|
Batting: RHB Gary Carter
|
0-0: Ball 1-0: Ground out 4-3 (Groundball, 4MD, EV 103.8 MPH)
|
| Bottom of the 1st over - 0 runs, 0 hits, 0 errors, 2 left on base; Detroit 0 - Kansas City 0 |
| TOP OF THE 2ND |
|
Detroit Tigers batting - Pitching for Kansas City Royals : RHP Larry Christenson
|
|
Batting: LHB Randy S Johnson
|
0-0: Called Strike 0-1: Ball 1-1: Foul Ball, location: 2F 1-2: Ball 2-2: Foul Ball, location: 2F 2-2: Ground out U3 (Groundball, 3, EV 93.8 MPH)
|
|
Batting: RHB Andre Thornton
|
0-0: Swinging Strike 0-1: Called Strike 0-2: Strikes out looking
|
|
Batting: LHB Dan Graham
|
0-0: Called Strike 0-1: Ball 1-1: Foul Ball, location: 2F 1-2: Ball 2-2: Ball 3-2: Foul Ball, location: 2F 3-2: Strikes out swinging
|
| Top of the 2nd over - 0 runs, 0 hits, 0 errors, 0 left on base; Detroit 0 - Kansas City 0 |
| BOTTOM OF THE 2ND |
|
Kansas City Royals batting - Pitching for Detroit Tigers : LHP Dave McNally
|
|
Batting: RHB Adrian Monrreal
|
0-0: Called Strike 0-1: Ball 1-1: SINGLE (Line Drive, 56, EV 94.4 MPH)
|
|
Batting: RHB Bob Horner
|
0-0: Ball 1-0: Ball 2-0: Ball 3-0: Grounds into double play, 4-6-3 (Groundball, 34, EV 85.6 MPH)
|
|
Batting: LHB Alvin Davis
|
0-0: Ball 1-0: TRIPLE (Line Drive, 89XD, EV 107.5 MPH)
|
|
Batting: LHB Rick Manning
|
0-0: Ball 1-0: Called Strike 1-1: Fly out, F8 (Flyball, 8RS, EV 88.8 MPH)
|
| Bottom of the 2nd over - 0 runs, 2 hits, 0 errors, 1 left on base; Detroit 0 - Kansas City 0 |
| TOP OF THE 3RD |
|
Detroit Tigers batting - Pitching for Kansas City Royals : RHP Larry Christenson
|
|
Batting: RHB Larry Parrish
|
0-0: Swinging Strike 0-1: Swinging Strike 0-2: Foul Ball, location: 2F 0-2: Ball 1-2: Strikes out swinging
|
|
Batting: RHB Mike Sproles
|
0-0: Ball 1-0: Foul Ball, location: 2F 1-1: Ball 2-1: Ground out 4-3 (Groundball, 13, EV 86.3 MPH)
|
|
Batting: SHB Lee Mazzilli
|
0-0: SINGLE (Groundball, 34D, EV 108.1 MPH)
|
|
Batting: RHB Rusty Tillman
|
0-0: Ball 1-0: SINGLE (Line Drive, 78S, EV 105.6 MPH) Lee Mazzilli to second
|
|
Batting: SHB Tony Phillips
|
0-0: Ball 1-0: Ball 2-0: Ball 3-0: Base on Balls Lee Mazzilli to third Rusty Tillman to second
|
|
Batting: LHB Greg Brock
|
0-0: Ball 1-0: Called Strike 1-1: Foul Ball, location: 2F 1-2: Ball 2-2: Strikes out swinging
|
| Top of the 3rd over - 0 runs, 2 hits, 0 errors, 3 left on base; Detroit 0 - Kansas City 0 |
| BOTTOM OF THE 3RD |
|
Kansas City Royals batting - Pitching for Detroit Tigers : LHP Dave McNally
|
|
Batting: RHB Rickey Henderson
|
0-0: Foul Ball, location: 2F 0-1: Swinging Strike 0-2: Ball 1-2: Ball 2-2: Foul Ball, location: 2F 2-2: Ground out 6-3 (Groundball, 6, EV 108.8 MPH)
|
|
Batting: LHB Gene Richards
|
0-0: Ball 1-0: Ground out 4-3 (Groundball, 34, EV 85.6 MPH)
|
|
Batting: RHB Jeffrey Leonard
|
0-0: Foul Ball, location: 2F 0-1: Called Strike 0-2: Foul Ball, location: 2F 0-2: Ball 1-2: Foul Ball, location: 2F 1-2: Ground out 1-3 (Groundball, P, EV 68.8 MPH)
|
| Bottom of the 3rd over - 0 runs, 0 hits, 0 errors, 0 left on base; Detroit 0 - Kansas City 0 |
| TOP OF THE 4TH |
|
Detroit Tigers batting - Pitching for Kansas City Royals : RHP Larry Christenson
|
|
Batting: LHB Randy S Johnson
|
0-0: Ball 1-0: SINGLE (Groundball, 4D, EV 103.1 MPH)
|
|
Batting: RHB Andre Thornton
|
0-0: Fly out, F4 (Popup, 13S, EV 85.6 MPH)
|
|
Batting: LHB Dan Graham
|
0-0: Ball 1-0: Swinging Strike 1-1: Foul Ball, location: 2F 1-2: Fielders Choice at 2nd, 2-6 (Groundball, 13S, EV 73.8 MPH)
|
|
Batting: RHB Larry Parrish
|
0-0: Ball 1-0: Ball 2-0: Ball 3-0: Foul Ball, location: 2F 3-1: Swinging Strike 3-2: Ground out 4-3 (Groundball, 4MD, EV 79.4 MPH)
|
| Top of the 4th over - 0 runs, 1 hit, 0 errors, 1 left on base; Detroit 0 - Kansas City 0 |
| BOTTOM OF THE 4TH |
|
Kansas City Royals batting - Pitching for Detroit Tigers : LHP Dave McNally
|
|
Batting: RHB Charlie O'Brien
|
0-0: Swinging Strike 0-1: Foul Ball, location: 2F 0-2: Foul Ball, location: 2F 0-2: Fly out, F9 (Line Drive, 9, EV 100.6 MPH)
|
|
Batting: RHB Gary Carter
|
0-0: Swinging Strike 0-1: Ball 1-1: Foul Ball, location: 2F 1-2: Foul Ball, location: 2F 1-2: Fly out, F4 (Popup, 4, EV 57.5 MPH)
|
|
Batting: RHB Adrian Monrreal
|
0-0: Called Strike 0-1: Ball 1-1: Foul Ball, location: 2F 1-2: Ball 2-2: Foul Ball, location: 2F 2-2: Ball 3-2: Foul Ball, location: 2F 3-2: Foul Ball, location: 2F 3-2: Fly out, F9 (Flyball, 9, EV 75.6 MPH)
|
| Bottom of the 4th over - 0 runs, 0 hits, 0 errors, 0 left on base; Detroit 0 - Kansas City 0 |
| TOP OF THE 5TH |
|
Detroit Tigers batting - Pitching for Kansas City Royals : RHP Larry Christenson
|
|
Batting: RHB Mike Sproles
|
0-0: Called Strike 0-1: Ball 1-1: Ball 2-1: Fly out, F8 (Flyball, 89M, EV 93.8 MPH)
|
|
Batting: SHB Lee Mazzilli
|
0-0: Swinging Strike 0-1: Foul Ball, location: 2F 0-2: DOUBLE (Flyball, 8RXD, EV 105.6 MPH)
|
|
Batting: RHB Rusty Tillman
|
0-0: Called Strike 0-1: Ball Lee Mazzilli steals 3rd base 1-1: Ground out 6-3 (Groundball, 6, EV 106.3 MPH) Lee Mazzilli scores
|
|
Batting: SHB Tony Phillips
|
0-0: Ball 1-0: Ball 2-0: Ball 3-0: Base on Balls
|
|
Batting: LHB Greg Brock
|
0-0: Ball Tony Phillips steals 2nd base 1-0: Foul Ball, location: 2F 1-1: Ball 2-1: Ground out 4-3 (Groundball, 4, EV 108.1 MPH)
|
| Top of the 5th over - 1 run, 1 hit, 0 errors, 1 left on base; Detroit 1 - Kansas City 0 |
| BOTTOM OF THE 5TH |
|
Kansas City Royals batting - Pitching for Detroit Tigers : LHP Dave McNally
|
|
Batting: RHB Bob Horner
|
0-0: Called Strike 0-1: Ball 1-1: Ball 2-1: Foul Ball, location: 2F 2-2: Ground out 4-3 (Groundball, 13, EV 86.3 MPH)
|
|
Batting: LHB Alvin Davis
|
0-0: Ball 1-0: Ball 2-0: Fly out, F7 (Flyball, 7LS, EV 96.3 MPH)
|
|
Batting: LHB Rick Manning
|
0-0: Fly out, F5 (Popup, 5S, EV 76.9 MPH)
|
| Bottom of the 5th over - 0 runs, 0 hits, 0 errors, 0 left on base; Detroit 1 - Kansas City 0 |
| TOP OF THE 6TH |
|
Detroit Tigers batting - Pitching for Kansas City Royals : RHP Larry Christenson
|
|
Batting: LHB Randy S Johnson
|
0-0: Swinging Strike 0-1: Swinging Strike 0-2: Ball 1-2: Strikes out swinging
|
|
Batting: RHB Andre Thornton
|
0-0: Called Strike 0-1: Swinging Strike 0-2: Ball 1-2: Ball 2-2: Foul Ball, location: 2F 2-2: Ball 3-2: Ground out 5-3 (Groundball, 56S, EV 65.6 MPH)
|
|
Batting: LHB Dan Graham
|
0-0: Ball 1-0: Called Strike 1-1: Foul Ball, location: 2F 1-2: Strikes out looking
|
| Top of the 6th over - 0 runs, 0 hits, 0 errors, 0 left on base; Detroit 1 - Kansas City 0 |
| BOTTOM OF THE 6TH |
|
Kansas City Royals batting - Pitching for Detroit Tigers : LHP Dave McNally
|
|
Batting: RHB Rickey Henderson
|
0-0: Foul Ball, location: 2F 0-1: Foul Ball, location: 2F 0-2: Ball 1-2: Fly out, F7 (Flyball, 7LM, EV 101.9 MPH)
|
|
Batting: LHB Gene Richards
|
0-0: Ball 1-0: Swinging Strike 1-1: Foul Ball, location: 2F 1-2: Strikes out swinging
|
|
Batting: RHB Jeffrey Leonard
|
0-0: Ball 1-0: Foul Ball, location: 2F 1-1: Ball 2-1: Ground out 5-3 (Groundball, 56S, EV 60.6 MPH)
|
| Bottom of the 6th over - 0 runs, 0 hits, 0 errors, 0 left on base; Detroit 1 - Kansas City 0 |
| TOP OF THE 7TH |
|
Detroit Tigers batting - Pitching for Kansas City Royals : RHP Larry Christenson
|
|
Batting: RHB Larry Parrish
|
0-0: Foul Ball, location: 2F 0-1: Ball 1-1: SINGLE (Line Drive, 4D, EV 106.3 MPH)
|
|
Pitching: RHP Orel Hershiser
|
|
|
Batting: RHB Mike Sproles
|
0-0: Ball 1-0: Sac Bunt to 5S - play at first, batter OUT! 5-4 Larry Parrish to second
|
|
Batting: SHB Lee Mazzilli
|
0-0: Intentional Walk
|
|
Batting: RHB Rusty Tillman
|
0-0: Foul Ball, location: 2F 0-1: Ball 1-1: Ball 2-1: Foul Ball, location: 2F 2-2: Fielders Choice at 2nd, 6-4 (Groundball, 56, EV 81.9 MPH) Larry Parrish to third
|
|
Batting: SHB Tony Phillips
|
0-0: Called Strike 0-1: Ball 1-1: Ball 2-1: Foul Ball, location: 2F 2-2: Ball 3-2: DOUBLE (Line Drive, 5D, EV 96.3 MPH) Larry Parrish scores Rusty Tillman to third Rusty Tillman scores
|
|
Batting: LHB Greg Brock
|
0-0: Ball 1-0: Ball 2-0: Ball 3-0: Base on Balls
|
|
Batting: LHB Randy S Johnson
|
0-0: Called Strike 0-1: Ball 1-1: Ground out U3 (Groundball, 34, EV 91.9 MPH)
|
| Top of the 7th over - 2 runs, 2 hits, 0 errors, 2 left on base; Detroit 3 - Kansas City 0 |
| BOTTOM OF THE 7TH |
|
Kansas City Royals batting - Pitching for Detroit Tigers : LHP Dave McNally
|
|
Batting: RHB Charlie O'Brien
|
0-0: Called Strike 0-1: Ball 1-1: Fly out, F9 (Line Drive, 9, EV 86.3 MPH)
|
|
Batting: RHB Gary Carter
|
0-0: Swinging Strike 0-1: SOLO HOME RUN (Flyball, 7D, EV 90.0 MPH), Distance : 380 ft
|
|
Batting: RHB Adrian Monrreal
|
0-0: Ball 1-0: Ball 2-0: Called Strike 2-1: Fly out, F9 (Flyball, 9S, EV 90.6 MPH)
|
|
Batting: RHB Bob Horner
|
0-0: Called Strike 0-1: SOLO HOME RUN (Flyball, 78XD, EV 94.4 MPH), Distance : 401 ft
|
|
Batting: LHB Alvin Davis
|
0-0: DOUBLE (Flyball, 78D, EV 96.9 MPH)
|
|
Batting: LHB Rick Manning
|
0-0: Ground out 4-3 (Groundball, 4S, EV 91.9 MPH)
|
| Bottom of the 7th over - 2 runs, 3 hits, 0 errors, 1 left on base; Detroit 3 - Kansas City 2 |
| TOP OF THE 8TH |
|
Detroit Tigers batting - Pitching for Kansas City Royals : RHP Orel Hershiser
|
|
Batting: RHB Andre Thornton
|
0-0: Called Strike 0-1: Foul Ball, location: 2F 0-2: Ball 1-2: SINGLE (Groundball, 34D, EV 96.9 MPH)
|
|
Batting: LHB Dan Graham
|
0-0: Ball 1-0: Ball 2-0: DOUBLE (Line Drive, 78XD, EV 106.3 MPH) Andre Thornton to third
|
|
Batting: RHB Larry Parrish
|
0-0: Ball 1-0: Ball 2-0: Called Strike 2-1: Foul Ball, location: 2F 2-2: Ball 3-2: Foul Ball, location: 2F 3-2: Foul Ball, location: 2F 3-2: Strikes out swinging
|
|
Batting: RHB Mike Sproles
|
0-0: Foul Ball, location: 2F 0-1: SINGLE (Groundball, 56, EV 111.3 MPH) Andre Thornton scores Dan Graham to third Runner from 3rd tries for Home, SAFE, throw by LF to home
|
|
Pitching: RHP Donald Moore
|
|
|
Batting: SHB Lee Mazzilli
|
0-0: Ball 1-0: 2-RUN HOME RUN (Flyball, 9D, EV 103.8 MPH), Distance : 392 ft
|
|
Batting: RHB Rusty Tillman
|
0-0: Ball 1-0: Ball 2-0: Ball 3-0: Called Strike 3-1: Foul Ball, location: 2F 3-2: Foul Ball, location: 2F 3-2: Foul Ball, location: 2F 3-2: Strikes out looking
|
|
Batting: SHB Tony Phillips
|
0-0: Foul Ball, location: 2F 0-1: SINGLE (Line Drive, 56D, EV 94.4 MPH)
|
|
Batting: LHB Greg Brock
|
0-0: SINGLE (Line Drive, 78M, EV 96.3 MPH) Tony Phillips to second Runner from 2nd tries for 3rd, SAFE, throw by CF made to third
|
|
Batting: LHB Randy S Johnson
|
0-0: Called Strike 0-1: Ball 1-1: Ball 2-1: Ball 3-1: Base on Balls Greg Brock to second
|
|
Batting: RHB Andre Thornton
|
0-0: Ball 1-0: Fly out, F8 (Flyball, 78D, EV 98.8 MPH)
|
| Top of the 8th over - 4 runs, 6 hits, 0 errors, 3 left on base; Detroit 7 - Kansas City 2 |
| BOTTOM OF THE 8TH |
|
Kansas City Royals batting - Pitching for Detroit Tigers : LHP Dave McNally
|
|
Batting: RHB Rickey Henderson
|
0-0: Foul Ball, location: 2F 0-1: Ground out 4-3 (Groundball, 34D, EV 90.6 MPH)
|
|
Batting: LHB Gene Richards
|
0-0: Ball 1-0: Foul Ball, location: 2F 1-1: Foul Ball, location: 2F 1-2: Ball 2-2: Ball 3-2: Foul Ball, location: 2F 3-2: Foul Ball, location: 2F 3-2: Strikes out swinging
|
|
Batting: RHB Jeffrey Leonard
|
0-0: Ball 1-0: Called Strike 1-1: Called Strike 1-2: Fly out, F9 (Flyball, 9, EV 96.9 MPH)
|
| Bottom of the 8th over - 0 runs, 0 hits, 0 errors, 0 left on base; Detroit 7 - Kansas City 2 |
| TOP OF THE 9TH |
|
Detroit Tigers batting - Pitching for Kansas City Royals : RHP Donald Moore
|
|
Batting: LHB Dan Graham
|
0-0: Ball 1-0: Ball 2-0: Foul Ball, location: 2F 2-1: Foul Ball, location: 2F 2-2: Foul Ball, location: 2F 2-2: Strikes out swinging
|
|
Batting: RHB Larry Parrish
|
0-0: Swinging Strike 0-1: Ball 1-1: Swinging Strike 1-2: Foul Ball, location: 2F 1-2: Ball 2-2: Hit by Pitch
|
|
Batting: RHB Mike Sproles
|
0-0: Ball 1-0: Called Strike 1-1: Grounds into double play, 4-6-3 (Groundball, 34, EV 90.6 MPH)
|
| Top of the 9th over - 0 runs, 0 hits, 0 errors, 0 left on base; Detroit 7 - Kansas City 2 |
| BOTTOM OF THE 9TH |
|
Kansas City Royals batting - Pitching for Detroit Tigers : LHP Dave McNally
|
|
Batting: RHB Charlie O'Brien
|
0-0: Ball 1-0: Called Strike 1-1: Ball 2-1: Foul Ball, location: 2F 2-2: Ball 3-2: Foul Ball, location: 2F 3-2: Fly out, F8 (Flyball, 8RS, EV 89.4 MPH)
|
|
Batting: RHB Gary Carter
|
0-0: Ball 1-0: Ball 2-0: Ground out 5-3 (Groundball, 56, EV 79.4 MPH)
|
|
Batting: RHB Adrian Monrreal
|
0-0: Ball 1-0: Ball 2-0: Foul Ball, location: 2F 2-1: Foul Ball, location: 2F 2-2: SINGLE (Line Drive, 7S, EV 108.8 MPH)
|
|
Batting: RHB Bob Horner
|
0-0: Foul Ball, location: 2F 0-1: Ball 1-1: Foul Ball, location: 2F 1-2: 2-RUN HOME RUN (Flyball, 7D, EV 107.5 MPH), Distance : 412 ft
|
|
Batting: LHB Alvin Davis
|
0-0: Ground out 4-3 (Groundball, 4, EV 82.5 MPH)
|
| Bottom of the 9th over - 2 runs, 2 hits, 0 errors, 0 left on base; Detroit 7 - Kansas City 4 |
|